3AA
VIRGINIA BEACH DEUCES @ ATLANTIC CITY SONICS
08/28/2027
 
TOP OF THE 1ST
Virginia Beach Deuces batting - Pitching for Atlantic City Sonics : RHP Bill Tugwell
Pitching: RHP Bill Tugwell
Batting: RHB Rodney Dudley 0-0: Ball
1-0: Called Strike
1-1: Called Strike
1-2: Ground out 3-1 (Groundball, 34S)
Batting: RHB Robert Emmet Odlum 0-0: Ball
1-0: SINGLE (Groundball, 6MD)
Batting: RHB Juan González 0-0: Ball
1-0: SINGLE (Groundball, 56D)
Robert Emmet Odlum to second
Batting: LHB Atílio Mansilhas 0-0: Ball
1-0: Ball
2-0: SINGLE (Groundball, 6D)
Robert Emmet Odlum to third
Juan González to second
Runner from 3rd tries for Home, SAFE, no throw
Batting: SHB Carlos Pérez 0-0: Swinging Strike
0-1: Foul Ball, location: 2F
0-2: Strikes out looking
Batting: LHB Kendrick Sullivan 0-0: Ball
1-0: Ball
2-0: Swinging Strike
2-1: Foul Ball, location: 2F
2-2: Foul Ball, location: 2F
2-2: Strikes out swinging
Top of the 1st over - 1 run(s), 3 hit(s), 0 error(s), 2 left on base; Virginia Beach 1 - Atlantic City 0
BOTTOM OF THE 1ST
Atlantic City Sonics batting - Pitching for Virginia Beach Deuces : RHP Ralph Haggerty
Pitching: RHP Ralph Haggerty
Batting: RHB José López 0-0: Ground out 5-3 (Groundball, 56S)
Batting: LHB Russ Hanneman 0-0: Ball
1-0: Called Strike
1-1: Ball
2-1: Ball
3-1: Called Strike
3-2: SINGLE (Groundball, 34D)
Batting: RHB Brady Bess 0-0: Fly out, F9 (Flyball, 9S)
Batting: RHB Thurman Blumer 0-0: Foul Ball, location: 2F
0-1: Ball
1-1: Fly out, F9 (Line Drive, 9)
Bottom of the 1st over - 0 run(s), 1 hit(s), 0 error(s), 1 left on base; Virginia Beach 1 - Atlantic City 0
TOP OF THE 2ND
Virginia Beach Deuces batting - Pitching for Atlantic City Sonics : RHP Bill Tugwell
Batting: RHB Reg Spiers 0-0: Ball
1-0: Called Strike
1-1: SINGLE (Groundball, 56D)
Batting: RHB Dennis Dudash 0-0: Ball
1-0: Foul Ball, location: 2F
1-1: Ball
2-1: Swinging Strike
2-2: Fly out, F7 (Flyball, 78M)
Batting: RHB Clarence Weber 0-0: Grounds into double play, 4-6-3 (Groundball, 4M)
Top of the 2nd over - 0 run(s), 1 hit(s), 0 error(s), 0 left on base; Virginia Beach 1 - Atlantic City 0
BOTTOM OF THE 2ND
Atlantic City Sonics batting - Pitching for Virginia Beach Deuces : RHP Ralph Haggerty
Batting: RHB Kevin Malone 0-0: Ball
1-0: Ground out 5-3 (Groundball, 56S)
Batting: RHB Senior Pond 0-0: Ball
1-0: Ball
2-0: Foul Ball, location: 2F
2-1: Bunted foul
2-2: Ball
3-2: Foul Ball, location: 2F
3-2: Fly out, F5 (Line Drive, 5)
Batting: RHB Cristián Alfonso 0-0: Foul Ball, location: 2F
0-1: Ball
1-1: Ball
2-1: Ball
3-1: Ground out 6-3 (Groundball, 6M)
Bottom of the 2nd over - 0 run(s), 0 hit(s), 0 error(s), 0 left on base; Virginia Beach 1 - Atlantic City 0
TOP OF THE 3RD
Virginia Beach Deuces batting - Pitching for Atlantic City Sonics : RHP Bill Tugwell
Batting: RHB Rodney Dudley 0-0: Ball
1-0: Fly out, F8 (Flyball, 8RXD)
Batting: RHB Robert Emmet Odlum 0-0: SINGLE (Groundball, 34D)
Batting: RHB Juan González 0-0: Ball
1-0: Swinging Strike
1-1: Ball
2-1: Called Strike
2-2: Strikes out swinging
Batting: LHB Atílio Mansilhas 0-0: Called Strike
0-1: Called Strike
0-2: Ball
Robert Emmet Odlum steals 2nd base
1-2: Strikes out swinging
Top of the 3rd over - 0 run(s), 1 hit(s), 0 error(s), 1 left on base; Virginia Beach 1 - Atlantic City 0
BOTTOM OF THE 3RD
Atlantic City Sonics batting - Pitching for Virginia Beach Deuces : RHP Ralph Haggerty
Batting: RHB Damon Grinter 0-0: Ball
1-0: Called Strike
1-1: Ball
2-1: Ball
3-1: Base on Balls
Batting: SHB Luchino Salimbeni 0-0: Called Strike
0-1: Swinging Strike
0-2: Foul Ball, location: 2F
0-2: Ball
1-2: Ball
2-2: Strikes out looking
Batting: RHB José López 0-0: Ball
1-0: Called Strike
1-1: Ball
2-1: Ground out 5-3 (Groundball, 56S)
Damon Grinter to second
Batting: LHB Russ Hanneman 0-0: Ball
1-0: Called Strike
1-1: Foul Ball, location: 2F
1-2: DOUBLE (Flyball, 9D)
Damon Grinter scores
Batting: RHB Brady Bess 0-0: Called Strike
0-1: Swinging Strike
0-2: Foul Ball, location: 2F
0-2: Ball
1-2: Foul Ball, location: 2F
1-2: Strikes out looking
Bottom of the 3rd over - 1 run(s), 1 hit(s), 0 error(s), 1 left on base; Virginia Beach 1 - Atlantic City 1
TOP OF THE 4TH
Virginia Beach Deuces batting - Pitching for Atlantic City Sonics : RHP Bill Tugwell
Batting: SHB Carlos Pérez 0-0: Called Strike
0-1: Ball
1-1: Ball
2-1: Fly out, F8 (Flyball, 8LD)
Batting: LHB Kendrick Sullivan 0-0: Called Strike
0-1: Ball
1-1: SINGLE (Groundball, 3D)
Batting: RHB Reg Spiers 0-0: Fly out, F9 (Flyball, 9S)
Batting: RHB Dennis Dudash 0-0: Called Strike
Kendrick Sullivan steals 2nd base
0-1: Ball
1-1: Foul Ball, location: 2F
1-2: Ball
2-2: Ball
3-2: Ground out 5-3 (Groundball, 5S)
Top of the 4th over - 0 run(s), 1 hit(s), 0 error(s), 1 left on base; Virginia Beach 1 - Atlantic City 1
BOTTOM OF THE 4TH
Atlantic City Sonics batting - Pitching for Virginia Beach Deuces : RHP Ralph Haggerty
Batting: RHB Thurman Blumer 0-0: Called Strike
0-1: Ball
1-1: Ball
2-1: DOUBLE (Line Drive, 7D)
Batting: RHB Kevin Malone 0-0: Called Strike
0-1: Ball
1-1: Ball
2-1: Foul Ball, location: 2F
2-2: Ball
3-2: SINGLE (Groundball, 56D)
Thurman Blumer to third
Batting: RHB Senior Pond 0-0: Swinging Strike
0-1: Swinging Strike
0-2: SINGLE (Groundball, 56D)
Thurman Blumer scores
Kevin Malone to second
Batting: RHB Cristián Alfonso 0-0: Foul Ball, location: 2F
0-1: Ball
1-1: Ball
2-1: Called Strike
2-2: Fly out, F8 (Flyball, 8RM)
Batting: RHB Damon Grinter 0-0: Foul Ball, location: 2F
0-1: Hit by Pitch
Kevin Malone to third
Senior Pond to second
Batting: SHB Luchino Salimbeni 0-0: SINGLE (Flyball, 78M)
Kevin Malone scores
Senior Pond to third
Damon Grinter to second
Runner from 3rd tries for Home, SAFE, no throw
Batting: RHB José López 0-0: Ball
1-0: Ball
2-0: Called Strike
Damon Grinter steals 3rd base
Luchino Salimbeni to second
2-1: Called Strike
2-2: Foul Ball, location: 2F
2-2: Strikes out swinging
Batting: LHB Russ Hanneman 0-0: Ground out U3 (Groundball, 34)
Bottom of the 4th over - 3 run(s), 4 hit(s), 0 error(s), 2 left on base; Virginia Beach 1 - Atlantic City 4
TOP OF THE 5TH
Virginia Beach Deuces batting - Pitching for Atlantic City Sonics : RHP Bill Tugwell
Batting: RHB Clarence Weber 0-0: Ball
1-0: Fly out, F6 (Popup, P)
Batting: RHB Rodney Dudley 0-0: Ball
1-0: Fly out, F5 (Popup, 5D)
Batting: RHB Robert Emmet Odlum 0-0: Fly out, F9 (Flyball, 9S)
Top of the 5th over - 0 run(s), 0 hit(s), 0 error(s), 0 left on base; Virginia Beach 1 - Atlantic City 4
BOTTOM OF THE 5TH
Atlantic City Sonics batting - Pitching for Virginia Beach Deuces : RHP Ralph Haggerty
Batting: RHB Brady Bess 0-0: Called Strike
0-1: Ball
1-1: Ball
2-1: Ground out 6-3 (Groundball, 6MS)
Batting: RHB Thurman Blumer 0-0: Called Strike
0-1: Ball
1-1: Foul Ball, location: 2F
1-2: SINGLE (Groundball, 15S) (infield hit)
Batting: RHB Kevin Malone 0-0: Called Strike
0-1: Ball
1-1: Called Strike
1-2: Grounds into double play, 6-4-3 (Groundball, 6)
Bottom of the 5th over - 0 run(s), 1 hit(s), 0 error(s), 0 left on base; Virginia Beach 1 - Atlantic City 4
TOP OF THE 6TH
Virginia Beach Deuces batting - Pitching for Atlantic City Sonics : RHP Bill Tugwell
Batting: RHB Juan González 0-0: Foul Ball, location: 2F
0-1: Fly out, F9 (Flyball, 9S)
Batting: LHB Atílio Mansilhas 0-0: Ball
1-0: Swinging Strike
1-1: SINGLE (Groundball, 5S) (infield hit)
Batting: SHB Carlos Pérez 0-0: Ball
1-0: Ball
2-0: Called Strike
2-1: Ball
3-1: Called Strike
3-2: Fly out, F7 (Flyball, 7D)
Batting: LHB Kendrick Sullivan 0-0: Foul Ball, location: 2F
0-1: Ball
1-1: Ball
2-1: SINGLE (Groundball, 4M) (infield hit)
Atílio Mansilhas to second
Batting: RHB Reg Spiers 0-0: Foul Ball, location: 2F
0-1: Ball
1-1: Swinging Strike
1-2: Strikes out looking
Top of the 6th over - 0 run(s), 2 hit(s), 0 error(s), 2 left on base; Virginia Beach 1 - Atlantic City 4
BOTTOM OF THE 6TH
Atlantic City Sonics batting - Pitching for Virginia Beach Deuces : RHP Ralph Haggerty
Batting: RHB Senior Pond 0-0: Called Strike
0-1: Called Strike
0-2: Ball
1-2: Ball
2-2: Ball
3-2: Ground out 5-3 (Groundball, 56S)
Batting: RHB Cristián Alfonso 0-0: Called Strike
0-1: Ball
1-1: Ball
2-1: SINGLE (Groundball, 56D)
Batting: RHB Damon Grinter 0-0: Foul Ball, location: 2F
0-1: Fly out, F9 (Flyball, 9LM)
Batting: SHB Luchino Salimbeni 0-0: Called Strike
0-1: Swinging Strike
0-2: Ball
1-2: Ball
2-2: Ball
3-2: Strikes out swinging
Bottom of the 6th over - 0 run(s), 1 hit(s), 0 error(s), 1 left on base; Virginia Beach 1 - Atlantic City 4
TOP OF THE 7TH
Virginia Beach Deuces batting - Pitching for Atlantic City Sonics : RHP Bill Tugwell
Batting: RHB Dennis Dudash 0-0: Ball
1-0: Called Strike
1-1: Swinging Strike
1-2: Ball
2-2: Fly out, F9 (Line Drive, 9)
Batting: RHB Clarence Weber 0-0: Fly out, F3 (Popup, 3L)
Batting: RHB Rodney Dudley 0-0: Called Strike
0-1: Ball
1-1: Ball
2-1: SINGLE (Line Drive, 89S)
Batting: RHB Robert Emmet Odlum 0-0: Called Strike
0-1: Fly out, F8 (Flyball, 8LD)
Top of the 7th over - 0 run(s), 1 hit(s), 0 error(s), 1 left on base; Virginia Beach 1 - Atlantic City 4
BOTTOM OF THE 7TH
Atlantic City Sonics batting - Pitching for Virginia Beach Deuces : RHP Ralph Haggerty
Batting: RHB José López 0-0: Ball
1-0: Ball
2-0: Called Strike
2-1: Ground out 5-3 (Groundball, 56)
Batting: LHB Russ Hanneman 0-0: Ball
1-0: Called Strike
1-1: Ball
2-1: SINGLE (Groundball, 34D)
Pitching: RHP Jorge Ballesteros
Batting: RHB Brady Bess 0-0: 2-RUN HOME RUN (Flyball, 9D), Distance : 369 ft
Batting: RHB Thurman Blumer 0-0: Called Strike
0-1: Ball
1-1: Ground out 6-3 (Groundball, 6)
Batting: RHB Kevin Malone 0-0: Ball
1-0: SINGLE (Groundball, 4MD)
Batting: RHB Senior Pond 0-0: Called Strike
0-1: Swinging Strike
0-2: Strikes out swinging
Bottom of the 7th over - 2 run(s), 3 hit(s), 0 error(s), 1 left on base; Virginia Beach 1 - Atlantic City 6
TOP OF THE 8TH
Virginia Beach Deuces batting - Pitching for Atlantic City Sonics : RHP Bill Tugwell
Batting: RHB Juan González 0-0: Ball
1-0: Ball
2-0: Called Strike
2-1: SINGLE (Groundball, 6MD)
Batting: LHB Atílio Mansilhas 0-0: Ball
1-0: Called Strike
1-1: Foul Ball, location: 2F
1-2: Foul Ball, location: 2F
1-2: SINGLE (Line Drive, 78S)
Juan González to second
Batting: SHB Carlos Pérez 0-0: Ball
1-0: SINGLE (Groundball, 6D)
Juan González to third
Atílio Mansilhas to second
Runner from 3rd tries for Home, SAFE, no throw
Batting: LHB Kendrick Sullivan 0-0: Ball
1-0: Ball
2-0: Ball
3-0: Called Strike
3-1: Fly out, F9 (Flyball, 9S)
Batting: RHB Reg Spiers 0-0: Ball
1-0: Ball
2-0: Ball
3-0: Called Strike
3-1: Called Strike
3-2: Foul Ball, location: 2F
3-2: Fielders Choice at 2nd, 1-4 (Groundball, 15S)
Atílio Mansilhas to third
Batting: RHB Dennis Dudash 0-0: Called Strike
0-1: Swinging Strike
0-2: Ball
1-2: Ball
2-2: Strikes out swinging
Top of the 8th over - 1 run(s), 3 hit(s), 0 error(s), 2 left on base; Virginia Beach 2 - Atlantic City 6
BOTTOM OF THE 8TH
Atlantic City Sonics batting - Pitching for Virginia Beach Deuces : RHP Jorge Ballesteros
Batting: RHB Cristián Alfonso 0-0: Called Strike
0-1: Foul Ball, location: 2F
0-2: Ball
1-2: Strikes out swinging
Batting: RHB Damon Grinter 0-0: Called Strike
0-1: Called Strike
0-2: Foul Ball, location: 2F
0-2: Ball
1-2: Ball
2-2: Strikes out swinging
Batting: SHB Luchino Salimbeni 0-0: Ball
1-0: Ball
2-0: Called Strike
2-1: Foul Ball, location: 2F
2-2: Strikes out swinging
Bottom of the 8th over - 0 run(s), 0 hit(s), 0 error(s), 0 left on base; Virginia Beach 2 - Atlantic City 6
TOP OF THE 9TH
Virginia Beach Deuces batting - Pitching for Atlantic City Sonics : RHP Bill Tugwell
Pitching: RHP Alfredo Muñóz
Batting: RHB Clarence Weber 0-0: Ball
1-0: Ball
2-0: Called Strike
2-1: Fly out, F8 (Flyball, 89M)
Batting: RHB Rodney Dudley 0-0: Called Strike
0-1: Fly out, F9 (Flyball, 9S)
Batting: RHB Robert Emmet Odlum 0-0: Ball
1-0: Called Strike
1-1: SINGLE (Groundball, 56D)
Batting: RHB Juan González 0-0: Foul Ball, location: 2F
0-1: Swinging Strike
0-2: Ball
1-2: Fielders Choice at 2nd, 6-4 (Groundball, 6)
Top of the 9th over - 0 run(s), 1 hit(s), 0 error(s), 0 left on base; Virginia Beach 2 - Atlantic City 6
Saturday, May 26th, 2018 - OOTP Baseball 17.12 Build 75